 Dungeon Crawl Stone Soup version 0.27-a0-1281-ge233d83751 (webtiles) character file.

Game seed: 8365990234454668810

45 polve the Twirler (level 3, -3/27 HPs)
             Began as a Demonspawn Gladiator on June 13, 2021.
             Killed by divine providence
             ... invoked by an orc priest
              (14 damage)
             ... on level 2 of the Dungeon.
             The game lasted 00:01:34 (1417 turns).

polve the Twirler (Demonspawn Gladiator)            Turns: 1417, Time: 00:01:35

Health: -3/27      AC:  4    Str: 15    XL:     3   Next: 42%
Magic:  3/3        EV: 12    Int:  9    God:
Gold:   45         SH:  0    Dex: 14    Spells: 2/2 levels left

rFire    . . .     SeeInvis .   a - +0 quarterstaff
rCold    . . .     Faith    .   (shield currently unavailable)
rNeg     . . .     Spirit   .   b - +0 leather armour
rPois    .         Reflect  .   c - +0 helmet
rElec    .         Harm     .   (no cloak)
rCorr    .         Rampage  .   (no gloves)
Will     .....                  (no boots)
Stlth    +.........             (no amulet)
HPRegen  0.09/turn              m - ring of wizardry
MPRegen  0.08/turn              (no ring)

@: no status effects
A: foul stench 1
a: no special abilities


You were on level 2 of the Dungeon.
You visited 1 branch of the dungeon, and saw 2 of its levels.

You collected 45 gold pieces.

Inventory:

Hand Weapons
 a - a +0 quarterstaff (weapon)
Missiles
 d - 3 throwing nets (quivered)
Armour
 b - a +0 leather armour (worn)
 c - a +0 helmet (worn)
 f - a +0 pair of gloves
Jewellery
 m - a ring of wizardry (left hand)
Scrolls
 e - a scroll of teleportation {unknown}
 g - 2 scrolls of noise {unknown}
 h - a scroll of fear {unknown}
 i - a scroll of blinking {unknown}
 l - a scroll of summoning {unknown}
Potions
 j - a potion of curing {unknown}
 k - a potion of ambrosia {unknown}


   Skills:
 - Level 2.0 Fighting
 + Level 4.1 Staves
 - Level 1.7 Throwing
 - Level 2.6 Dodging


You had 2 spell levels left.
You didn't know any spells.
Your spell library was empty.

Dungeon Overview and Level Annotations

Branches:
Dungeon (2/15)

Altars:


Innate Abilities, Weirdness & Mutations

You may rarely emit foul miasma when damaged in melee.


Message History

m - a ring of wizardry (left hand)
Found a stone staircase leading down.
Found a stone staircase leading up.
There is a stone staircase leading up here.
Found a whip.
You now have 45 gold pieces (gained 10).
Found a chain mail.
No target in view! 4 orcs and an orc priest come into view.
The orc shouts! x2; You hear a shout!
An orc comes into view. It is wielding a +0 hand axe.
The orc priest looks encouraged for a moment.
There are monsters nearby!
There are monsters nearby!
An orc comes into view. It is wielding a +0 club.
You sock the orc!
You kill the orc!
A hobgoblin comes into view.
The hobgoblin shouts!
You hit the orc but do no damage. The orc completely misses you.
The orc hits you but does no damage.
You hit the orc.
The orc is heavily wounded.
The orc closely misses you. The orc hits you but does no damage.
You hit the orc.
The orc is almost dead.
The teleport trap disappears.
The orc disappears!
The orc barely misses you.
You hit the orc.
You kill the orc!
The orc hits you with a +0 club.
The orc priest invokes the aid of Beogh against you.
Beogh smites you!
You are too injured to fight recklessly!
The orc barely misses you.
The orc priest invokes the aid of Beogh against you.
Beogh smites you!
The orc priest calls down the wrath of Beogh upon you.
Beogh smites you!
Ouch! That really hurt!
You die...

....#......##.# #.#
###..#### ..#.#....#....#
#.# ##..#
....#....#.>.#### ##.#
##.#
..o#......#....####..# .#
. ..#....######......## #
.o#)#.#### ###.....##
...o#.### ###..##.....
...o....######...###.###.
......#.#go..o.o@....#
###.....).###.o#####<#
.........## #.## #.#
.###..#..## #.######.#
#......###.##.....#
......#..#...##..)..#
#####.#....####.....#
#.##......#....##
#.......#......#


You could see an orc priest, 3 orcs and a hobgoblin.

Vanquished Creatures
  2 dart slugs (D:1)
  2 orcs (D:2)
  5 ball pythons
  2 endoplasms (D:1)
  2 giant cockroaches (D:1)
  3 goblins (D:1)
  2 hobgoblins (D:1)
  4 jackals (D:1)
  3 quokkas (D:1)
  2 bats (D:1)
  A frilled lizard (D:1)
  3 kobolds (D:1)
  5 rats
36 creatures vanquished.

Notes
Turn   | Place    | Note
-------+----------+-------------------------------------------
     0 | D:1      | polve the Demonspawn Gladiator began the quest for the Orb.
     0 | D:1      | Reached XP level 1. HP: 16/16 MP: 1/1
    98 | D:1      | Reached skill level 3 in Staves
   104 | D:1      | Gained mutation: You may rarely emit foul miasma when
                  | damaged in melee. [demonic ancestry]
   104 | D:1      | Reached XP level 2. HP: 19/22 MP: 2/2
   957 | D:1      | Reached XP level 3. HP: 27/27 MP: 3/3
  1062 | D:1      | Reached skill level 4 in Staves
  1417 | D:2      | Killed from afar by an orc priest

Illustrated notes

Levels and vault maps discovered:
D:1:      giann_bridges, layout_basic, serial_rivers,
          chequers_serial_rivers_marsh, chequers_serial_rivers_micro_a,
          chequers_serial_rivers_micro_a, chequers_serial_rivers_micro_b,
          chequers_serial_rivers_micro_c, chequers_serial_rivers_small_3,
          minmay_misc_feat_five, chequers_jeans
D:2:      cheibrodos_pilgrimage, layout_rooms

Skill      XL: |  1  2  3 |
---------------+----------+-----
Staves         | 3 4 |  4.1
Fighting       | |  2.0
Throwing       | |  1.7
Dodging        | |  2.6

Action                   || total
-------------------------++-------
Melee: Quarterstaff      ||    86
 Stab: Sleeping          ||     2
Armor: Leather armour    ||    23
Dodge: Dodged            ||    57

Table legend: (Time is in decaauts)
 A = Elapsed time spent in this place.
 B = Non-inter-level travel time spent in this place.
 C = Inter-level travel time spent in this place.
 D = Time resting spent in this place.
 E = Time spent auto-exploring this place.
 F = Levels seen in this place.
 G = Mean time per level.
                   A        B        C        D        E       F      G
               +--------+--------+--------+--------+--------+-----+--------+
         Total |   1432 |   1429 |      3 |      0 |   1201 |   2 |  716.0 |
       Dungeon |   1432 |   1429 |      3 |      0 |   1201 |   2 |  716.0 |
               +--------+--------+--------+--------+--------+-----+--------+

Top non-repeatable levels by time:
     D:1: 1319 daAuts
     D:2: 113 daAuts
